 Dungeon Crawl Stone Soup version 0.29.1-15-g9cfb28693d (webtiles) character file.

Game seed: 5112477419764416146

58 LLlMATKO the Trooper (level 3, 0/49 HPs)
             Began as a Minotaur Berserker on Feb 22, 2023.
             Was a Believer of Trog.
             Slain by Terence
             ... wielding a +0 short sword
              (7 damage)
             ... on level 2 of the Dungeon.
             The game lasted 00:00:57 (949 turns).

LLlMATKO the Trooper (Minotaur Berserker)            Turns: 949, Time: 00:00:58

Health: 0/49       AC:  9    Str: 23    XL:     3   Next: 76%
Magic:  2/2        EV:  8    Int:  4    God:    Trog [**....]
Gold:   51         SH:  0    Dex:  9    Spells: 2/2 levels left

rFire   . . .      SeeInvis .   a - +0 hand axe
rCold   . . .      Faith    .   (no shield)
rNeg    . . .      Spirit   .   h - +0 chain mail
rPois   .          Reflect  .   (helmet restricted)
rElec   .          Harm     .   (no cloak)
rCorr   .          Rampage  .   (no gloves)
Will    .....                   (no boots)
Stlth   ..........              (no amulet)
HPRegen 0.16/turn               (no ring)
MPRegen 0.08/turn               (no ring)

@: berserking, very quick
A: horns 2, retaliatory headbutt
a: Renounce Religion, Berserk, Trog's Hand


You were on level 2 of the Dungeon.
You worshipped Trog.
Trog was pleased with you.
You visited 1 branch of the dungeon, and saw 2 of its levels.

You collected 51 gold pieces.

Inventory:

Hand Weapons
 a - a +0 hand axe (weapon)
Armour
 h - a +0 chain mail (worn)
Scrolls
 e - a scroll of identify {unknown}
 f - a scroll of immolation {unknown}
Potions
 b - a potion of attraction {unknown}
 c - a potion of lignification {unknown}
 d - a potion of curing {unknown}
 g - a potion of degeneration {unknown}
 i - a potion of mutation {unknown}
 j - a potion of heal wounds {unknown}
 k - a potion of berserk rage


   Skills:
 + Level 4.2 Fighting
 + Level 4.2 Axes
 + Level 3.2 Armour
 + Level 3.0 Dodging


You had 2 spell levels left.
You didn't know any spells.
Your spell library was empty.

Dungeon Overview and Level Annotations

Branches:
Dungeon (2/15)

Altars:

Annotations:
D:2 Terence


Innate Abilities, Weirdness & Mutations

You have a pair of horns on your head.
You reflexively headbutt those who attack you in melee.


Message History

Terence is heavily wounded.
Terence hits you with a +0 short sword. Terence barely misses you.
You hit Terence.
Terence is heavily wounded.
Terence closely misses you. Terence hits you with a +0 short sword.
You are too injured to fight recklessly!
You are too injured to fight recklessly!
You are too injured to fight recklessly!
You are too injured to fight recklessly!
You are too injured to fight recklessly!
You are too injured to fight recklessly!
You are too injured to fight recklessly!
You are too injured to fight recklessly!
You are too injured to fight recklessly!
You are too injured to fight recklessly!
You are too injured to fight recklessly!
Unknown command.
A red film seems to cover your vision as you go berserk!
You feel yourself moving faster!
You feel mighty! Terence barely misses you.
You are too berserk!
You barely miss Terence.
Terence is heavily wounded.
Terence hits you with a +0 short sword.
You barely miss Terence. You headbutt Terence, but do no damage.
Terence is heavily wounded.
Terence hits you with a +0 short sword.
* * * LOW HITPOINT WARNING * * *
You completely miss Terence.
Terence is heavily wounded.
Terence hits you but does no damage.
You slash Terence! Your headbutt misses Terence.
Terence is severely wounded.
Terence hits you with a +0 short sword.
* * * LOW HITPOINT WARNING * * *
Terence hits you with a +0 short sword.
* * * LOW HITPOINT WARNING * * *
You hit Terence.
Terence is almost dead.
Terence hits you with a +0 short sword!
You die...

.### #.# #.#...#.# ...#
#.# #.......# .#.#
#.########## .###
.#.###########.........
.#............>.#####.
###############.# #.# #
#.##.##... #.@)......
###@..###. ....# ..[.#
....# ...## #.## .#


You could see Terence (berserk).

Vanquished Creatures
  Robin (D:2)
  A dart slug (D:1)
  4 bats
  3 endoplasms (D:1)
  3 giant cockroaches (D:1)
  4 hobgoblins
  4 kobolds
  A ball python (D:1)
  3 frilled lizards
  14 goblins
  2 rats
40 creatures vanquished.

Notes
Turn   | Place    | Note
-------+----------+-------------------------------------------
     0 | D:1      | LLlMATKO the Minotaur Berserker began the quest for the
                  | Orb.
     0 | D:1      | Reached XP level 1. HP: 19/19 MP: 0/0
   170 | D:1      | Found a faded altar of an unknown god.
   189 | D:1      | Reached XP level 2. HP: 27/27 MP: 1/1
   741 | D:2      | Noticed Robin
   745 | D:2      | Reached XP level 3. HP: 28/33 MP: 2/2
   754 | D:2      | Killed Robin
   794 | D:2      | Reached ** piety under Trog
   930 | D:2      | Noticed Terence
   949 | D:2      | Slain by Terence

Illustrated notes

Levels and vault maps discovered:
D:1:      co_arrival_square_in_a_square_in_a_square, layout_rooms,
          shapermc_ecumenical_altar_totnotflames, minmay_shallow_snake_nest
D:2:      layout_loops_cross, uniq_robin, uniq_terence

Skill      XL: |  1  2  3 |
---------------+----------+-----
Fighting       | 4 |  4.2
Axes           | 4 |  4.2
Armour         | 3 |  3.2
Dodging        | 3 |  3.0

Action                   || total
-------------------------++-------
Melee: Hand axe          ||    69
       Headbutt          ||     9
       Punch             ||     1
Invok: Berserk           ||     2
Armor: Animal skin       ||     6
       Chain mail        ||    29
Dodge: Dodged            ||    38
